 Dungeon Crawl Stone Soup version 0.30-a0-930-gb9d0489357 (webtiles) character file.

Game seed: 2844082102053525856

22 voltaire321 the Magician (level 2, 0/18 HPs)
             Began as an Octopode Hedge Wizard on Mar 23, 2023.
             Slain by a gnoll
             ... wielding a +0 halberd
              (10 damage)
             ... on level 2 of the Dungeon.
             The game lasted 00:02:48 (986 turns).

voltaire321 the Magician (Octopode Hedge Wizard)     Turns: 986, Time: 00:02:48

Health: 0/18       AC:  1    Str:  9    XL:     2   Next: 91%
Magic:  2/6        EV: 13    Int: 16    God:
Gold:   69         SH:  0    Dex: 11    Spells: 2/7 levels left

rFire   + . .      SeeInvis .    j - +1 whip (flame)
rCold   . . .      Faith    .    (no shield)
rNeg    . . .      Spirit   .    b - +0 hat
rPois   .          Reflect  .    (no amulet)
rElec   .          Rampage  .    l - ring of protection from fire
rCorr   .                        k - ring of flight
Will    .....                    (no ring)
Stlth   +++                      (no ring)
HPRegen 0.23/turn                (no ring)
MPRegen 0.10/turn                (no ring)
                                 (no ring)
                                 (no ring)

@: flying, very slightly contaminated
A: almost no armour, amphibious, 8 rings, camouflage 1, gelatinous body 1,
(nimble swimmer 1), tentacles
a: no special abilities


You were on level 2 of the Dungeon.
You visited 1 branch of the dungeon, and saw 2 of its levels.

You collected 69 gold pieces.

Inventory:

Hand Weapons
 a - a +0 dagger
 j - a +1 whip of flaming (weapon)
Armour
 b - a +0 hat (worn)
Jewellery
 k - a ring of flight (right tentacle)
 l - a ring of protection from fire (left tentacle)
Wands
 m - a wand of charming (1)
Scrolls
 e - a scroll of vulnerability {unknown}
 f - a scroll of brand weapon {unknown}
 g - 2 scrolls of identify {unknown}
Potions
 c - a potion of magic
 d - 2 potions of ambrosia {unknown}
 h - 2 potions of curing {unknown}
 i - a potion of attraction {unknown}


   Skills:
 + Level 0.7 Fighting
 + Level 2.1 Dodging
 + Level 3.1 Stealth
 + Level 3.1 Spellcasting
 + Level 1.3 Conjurations
 + Level 1.2 Summonings
 + Level 1.2 Translocations


You had 2 spell levels left.
You knew the following spells:

 Your Spells              Type           Power      Damage    Failure   Level
a - Magic Dart            Conj           24%        1d4       11%         1
b - Call Imp              Summ           6%         N/A       17%         2
c - Blink                 Tloc           12%        N/A       17%         2

Your spell library contained the following spells:

 Spells                   Type           Power      Damage    Failure   Level
 Slow                     Hex            8%         N/A       19%         1
 Cigotuvi's Dreadful Rot  Necr/Pois/Air  4%         N/A       28%         2
 Mephitic Cloud           Conj/Pois/Air  3%         N/A       43%         3


Dungeon Overview and Level Annotations

Branches:
Dungeon (2/15)

Altars:


Innate Abilities, Weirdness & Mutations

You cannot wear most types of armour.
You are amphibious.
You can wear up to eight rings at the same time.
Your skin changes colour to match your surroundings (Stealth+).
Your rubbery body absorbs attacks. (AC +1, EV +1)
((You are camouflaged when in or above water. (Stealth+)))
You have tentacles for arms and can constrict up to eight enemies at once.


Message History

You start memorising the spell.
You continue memorising. x2
You finish memorising.
Spell assigned to 'c'.
HP restored.
Magic restored.
m - a wand of charming (1)
A gnoll comes into view. It is wielding a +0 spear.
Found a scroll labelled PYINIUTW ESUA.
Aiming: Magic Dart (safe; 11% risk of failure)
Press: ? - help, Q - select action, (/) - cycle Shift-Dir - straight line, f - gnoll
Aim: a gnoll, wielding a +0 spear (asleep, 100% to hit)
The magic dart hits the gnoll but does no damage.
The gnoll shouts!
You hear a shout!
Aiming: Magic Dart (safe; 11% risk of failure)
Press: ? - help, Q - select action, (/) - cycle Shift-Dir - straight line, f/p - gnoll
Aim: a gnoll, wielding a +0 spear (100% to hit)
You miscast Magic Dart.
You are very lightly contaminated with residual magic.
Nothing appears to happen.
Aiming: Magic Dart (safe; 11% risk of failure)
Press: ? - help, Q - select action, (/) - cycle Shift-Dir - straight line, f/p - gnoll
Aim: a gnoll, wielding a +0 spear (100% to hit)
The magic dart hits the gnoll.
The gnoll is moderately wounded.
A gnoll comes into view. It is wielding a +0 halberd.
Aiming: Magic Dart (safe; 11% risk of failure)
Press: ? - help, Q - select action, (/) - cycle Shift-Dir - straight line, f/p - gnoll
Aim: a gnoll, wielding a +0 spear (moderately wounded, 100% to hit)
The magic dart hits the gnoll.
The gnoll is moderately wounded.
The gnoll closely misses you. The gnoll hits you with a +0 spear!
A gnoll comes into view. It is wielding a +0 spear.
The gnoll shouts!
You hit the gnoll. You burn the gnoll. Your grab misses the gnoll.
The gnoll is severely wounded.
The gnoll hits you with a +0 spear.
The gnoll hits you from afar with a +0 halberd!
Ouch! That really hurt!
You die...

### .g# ?. .. .#####
g....
############g.#
######..........@..#
#......########.####
...###.# #.#
...###.# #.#
.....#<# #.#
.....#.# #.#
.....#.# #.#
....##.## #.#
....##..#######.#


You could see 3 gnolls.

Vanquished Creatures
  An adder (D:2)
  3 endoplasms
  A goblin (D:1)
  A hobgoblin (D:2)
  A kobold (D:1)
  A quokka (D:2)
  4 ball pythons
  A bat (D:1)
13 creatures vanquished.

Notes
Turn   | Place    | Note
-------+----------+-------------------------------------------
     0 | D:1      | voltaire321 the Octopode Hedge Wizard began the quest for
                  | the Orb.
     0 | D:1      | Reached XP level 1. HP: 11/11 MP: 4/4
   589 | D:1      | Reached XP level 2. HP: 18/18 MP: 3/6
   917 | D:2      | Learned a level 2 spell: Call Imp
   920 | D:2      | Learned a level 2 spell: Blink
   986 | D:2      | Slain by a gnoll

Illustrated notes

Levels and vault maps discovered:
D:1:      wander_arrival_peaceful_grave, layout_loops_ring, minmay_hedge_maze
D:2:      layout_loops_ring, basic_altar, lexackson_kobold_supper

Skill      XL: |  1  2 |
---------------+-------+-----
Stealth        | 3 |  3.1
Fighting       | |  0.7
Dodging        | |  2.1
Spellcasting   | |  3.1
Conjurations   | |  1.3
Summonings     | |  1.2
Translocations | |  1.2

Action                     || total
---------------------------++-------
  Melee: Whip              ||    14
         Tentacles         ||     3
         Constrict         ||     4
   Cast: Magic Dart        ||    24
 Armour: Skin              ||     1
  Dodge: Dodged            ||     8

Table legend: (Time is in decaauts)
 A = Elapsed time spent in this place.
 B = Non-inter-level travel time spent in this place.
 C = Inter-level travel time spent in this place.
 D = Time resting spent in this place.
 E = Time spent auto-exploring this place.
 F = Levels seen in this place.
 G = Mean time per level.
                   A        B        C        D        E       F      G
               +--------+--------+--------+--------+--------+-----+--------+
         Total |    985 |    954 |     31 |     49 |    781 |   2 |  492.5 |
       Dungeon |    985 |    954 |     31 |     49 |    781 |   2 |  492.5 |
               +--------+--------+--------+--------+--------+-----+--------+

Top non-repeatable levels by time:
     D:1: 845 daAuts
     D:2: 139 daAuts
